Map: New Repugnancy LE

Players

hellokitty - Winner!

  • Race: Protoss Protoss
  • Spawn Location: 1:00

Tylerosaurus

  • Race: Terran Terran
  • Spawn Location: 7:00

VOD

Have the link to the VOD?

Description

Time

  • Played on: April 8, 2019, 1:22 a.m.
  • Length: 11:42
Show
View Real Time Build Order
Export as new Build Order

hellokitty Protoss - Winner!

Build Orders: 1 Gate Expand 

Get SALT Encoding   

  12  0:01  Probe  
  13  0:13  Probe  
  14  0:19  Pylon  
  14  0:25  Probe  
  15  0:36  Probe  
  15  0:38  Gateway  
  16  0:44  Probe  
  16  0:49  Assimilator  
  17  0:52  Probe  
  18  1:04  Probe  
  19  1:16  Probe  
  20  1:26  Nexus  
  20  1:36  Cybernetics Core  
  20  1:43  Pylon  
  20  1:46  Probe  
  21  1:52  Assimilator  
  20  2:13  Probe  
  20  2:15  Stalker  
  23  2:17  Warp Gate  
  23  2:21  Probe  
  23  2:29  Probe  
  25  2:40  Probe  
  25  2:41  Probe  
  27  2:48  Stalker  
  29  2:52  Pylon, Probe  
  30  3:02  Robotics Facility  
  30  3:05  Twilight Council  
  30  3:08  Probe x2  
  32  3:16  Probe  
  32  3:17  Probe  
  32  3:20  Assimilator  
  32  3:24  Probe  
  32  3:25  Probe  
  36  3:34  Pylon  
  36  3:35  Probe x2  
  36  3:37  Sentry  
  40  3:47  Pylon, Probe x2  
  42  3:50  Assimilator  
  42  3:59  Probe x2  
  44  4:11  Probe x2  
  44  4:14  Templar Archives  
  47  4:17  Observer  
  47  4:23  Probe x2  
  49  4:35  Pylon, Probe x2  
  55  4:38  Immortal  
  55  4:42  Pylon  
  55  4:46  Pylon  
  55  4:47  Probe x2  
  55  4:49  Shield Battery  
  55  4:52  Gateway  
  57  4:53  Gateway  
  57  5:14  Observer  
  57  5:18  Nexus  
  58  5:21  Assimilator  
  58  5:22  Immortal  
  58  5:23  Charge  
  58  5:25  Assimilator  
  58  5:30  Zealot  
  64  5:40  Shield Battery x2  
  64  5:53  Immortal  
  64  6:00  Stalker x3  
  73  6:13  Psionic Storm  
  73  6:22  Observer  
  73  6:26  Nexus  
  73  6:32  Gateway, Immortal  
  77  6:33  Sentry  
  77  6:34  Sentry x2  
  77  6:35  Observer  
  77  6:37  Pylon  
  77  6:39  Assimilator  
  83  7:02  Stalker  
  83  7:03  Stalker x2  
  89  7:11  Immortal  
  89  7:15  Blink  
  89  7:20  Probe x2  
  91  7:32  Robotics Facility  
  91  7:35  Gateway  
  91  7:36  Pylon, Gateway  
  91  7:38  Gateway  
  91  7:39  Pylon  
  91  7:40  Gateway  
  91  7:50  Zealot  
  93  7:56  Observer  
  93  7:58  Forge  
  93  8:00  High Templar x3  
  93  8:01  Forge  
  93  8:02  Probe  
  93  8:03  Probe x2  
  102  8:14  Probe  
  102  8:15  Probe x2  
  105  8:20  Observer  
  105  8:24  Immortal  
  105  8:25  High Templar  
  105  8:27  Probe x3  
  115  8:39  Probe x3  
  116  8:49  Zealot  
  116  8:51  Probe x3  
  116  8:53  High Templar  
  116  8:54  High Templar  
  125  9:04  Protoss Shields Level 1, Pylon, Protoss Ground Weapons Level 1  
  125  9:05  Pylon  
  125  9:07  Pylon  
  125  9:09  Pylon, Probe x2  
  125  9:13  Warp Prism  
  125  9:19  Pylon  
  125  9:22  Probe x2  
  127  9:34  Probe  
  126  9:49  Observer  
  126  9:50  High Templar x2  
  126  9:51  High Templar x5  
  140  9:53  Zealot  
  142  10:08  Warp Prism x2  
  145  10:17  Zealot  
  147  10:32  Nexus  
  147  10:34  Assimilator  
  147  10:38  Assimilator  
  147  10:42  Pylon  
  147  10:43  Pylon  
  147  10:44  Immortal  
  147  10:45  Pylon, Immortal  
  147  10:47  Pylon  
  155  11:02  Zealot x7  
  155  11:03  Zealot  
  171  11:24  Zealot x8  
Show
View Real Time Build Order
Export as new Build Order

Tylerosaurus Terran 

Build Orders: Mech 

Get SALT Encoding   

  12  0:01  SCV  
  13  0:13  SCV  
  14  0:18  Supply Depot  
  14  0:25  SCV  
  15  0:40  SCV  
  15  0:41  Barracks  
  16  0:50  Refinery  
  16  0:52  SCV  
  17  1:04  SCV  
  18  1:16  SCV  
  19  1:28  Orbital Command  
  19  1:29  Marine  
  20  1:43  Command Center  
  20  1:48  Barracks Reactor  
  20  1:58  Bunker  
  20  2:00  SCV  
  21  2:09  Barracks  
  21  2:13  SCV  
  22  2:20  Supply Depot  
  22  2:25  Marine  
  23  2:38  Barracks  
  23  2:41  Marine, SCV  
  23  2:43  Marine  
  26  2:53  Factory  
  26  2:59  Orbital Command  
  26  3:04  Barracks Tech Lab  
  26  3:08  Refinery, SCV  
  26  3:10  Marine  
  28  3:13  Marine  
  29  3:20  SCV  
  29  3:24  Marauder  
  29  3:26  Barracks Reactor  
  32  3:32  SCV  
  33  3:37  Marine, SCV  
  33  3:38  Marine  
  36  3:44  Starport  
  36  3:45  Factory Reactor  
  36  3:49  SCV  
  39  3:55  Marauder  
  39  3:57  SCV  
  39  4:01  SCV  
  41  4:08  Supply Depot  
  41  4:09  SCV  
  42  4:13  SCV  
  42  4:14  Marine x2  
  45  4:17  Stimpack  
  45  4:27  SCV  
  45  4:29  Engineering Bay  
  45  4:30  Marauder  
  48  4:37  Medivac  
  48  4:38  Marine x2  
  51  4:42  Medivac  
  54  4:50  Supply Depot, Marine x2, SCV x2  
  58  4:54  Marauder, Engineering Bay  
  60  5:02  Refinery, SCV  
  60  5:03  SCV  
  62  5:12  Marine x2, Medivac  
  66  5:15  SCV x2  
  66  5:16  Supply Depot  
  68  5:23  Marauder  
  68  5:27  Factory Tech Lab  
  70  5:33  Missile Turret  
  70  5:38  Marine x4, SCV  
  75  5:45  Marauder  
  77  5:56  Marine  
  78  6:03  Marine x2, Siege Tank, SCV, Medivac  
  85  6:11  Marauder  
  85  6:13  Marine  
  85  6:17  Combat Shield  
  86  6:25  Command Center  
  86  6:50  Marine x4  
  86  6:51  Siege Tank, SCV  
  86  6:52  Factory  
  94  7:01  Refinery  
  94  7:03  Supply Depot, Terran Infantry Weapons Level 1, SCV, Medivac  
  94  7:04  Marauder  
  85  7:17  Marine x4  
  85  7:20  SCV  
  85  7:25  Marauder  
  85  7:28  Siege Tank  
  90  7:34  Command Center  
  90  7:35  Marine  
  91  7:37  Factory Tech Lab  
  91  7:38  Marine  
  91  7:39  Factory  
  90  7:46  Marauder  
  90  7:50  Marine x2  
  93  7:53  Marine  
  93  7:57  Siege Tank  
  97  7:59  Marine  
  97  8:03  SCV  
  99  8:07  Marine, Planetary Fortress  
  99  8:08  Marauder  
  102  8:18  Marine  
  103  8:20  Siege Tank  
  103  8:22  SCV  
  103  8:26  Supply Depot  
  107  8:29  Marauder  
  108  8:41  Siege Tank  
  111  8:51  SCV  
  111  8:52  SCV  
  113  8:56  Marauder, Marine  
  113  8:58  Siege Tank  
  113  9:00  Armory  
  119  9:11  SCV  
  119  9:12  Medivac x2  
  124  9:18  Orbital Command  
  124  9:20  SCV  
  124  9:21  Refinery  
  124  9:23  SCV  
  129  9:24  Siege Tank  
  129  9:36  Marauder, Marine  
  116  9:50  Marine x2  
  116  9:52  Siege Tank  
  121  9:53  Factory Tech Lab  
  121  9:56  Siege Tank  
  121  9:57  Marauder  
  126  10:05  Marine  
  122  10:10  Marine x2  
  122  10:13  Siege Tank  
  127  10:19  Marauder  
  129  10:38  SCV  
  131  10:42  SCV  
  131  10:43  SCV  
  131  10:47  Marauder, Marine  
  135  10:50  SCV  
  135  10:51  Thor  
  135  10:54  Thor  
  135  10:55  Command Center  
  149  10:58  SCV  
  149  11:02  Marine  
  149  11:03  Marine  
  149  11:09  Marauder  
Tags
 
Composition
Mech
Matchup
PvT
Spawn Locations
Cross Positions
Add a new tag
Caveats
  • Supply blocks, unpowered buildings, or Contaminate may cause inaccurate times.
  • Supply counts are checked every 10 seconds.